 Dungeon Crawl Stone Soup version 0.31-a0-133-gaae73658be (webtiles) character file.

Game seed: 17170388190396222802

679 IdlyInterested the Trooper (level 7, -1/59 HPs)
             Began as a Demonspawn Wanderer on June 2, 2023.
             Slain by Ijyb
             ... wielding a +2 spectral club
              (5 damage)
             ... on level 5 of the Dungeon.
             The game lasted 00:09:48 (3776 turns).

IdlyInterested the Trooper (Demonspawn Wanderer)    Turns: 3776, Time: 00:09:49

Health: -1/59      AC:  7    Str: 14    XL:     7   Next: 34%
Magic:  7/7        EV:  9    Int: 11    God:
Gold:   206        SH:  0    Dex: 21    Spells: 6/6 levels left

rFire   . . .        v - +2 hand axe (elec)
rCold   . . .        (no shield)
rNeg    . . .        w - +0 scale mail
rPois   .            u - +0 hat
rElec   .            d - +0 cloak
rCorr   .            (no gloves)
SInv    .            (no boots)
Will    +....        (no amulet)
Stlth   +            q - +6 ring of dexterity
HPRegen 0.29/turn    (no ring)
MPRegen 0.10/turn

%: no passive effects
@: enlightened, flying
A: powered by death 1, weakness stinger 2, demonic touch 1
a: no special abilities


You were on level 5 of the Dungeon.
You visited 1 branch of the dungeon, and saw 5 of its levels.

You collected 206 gold pieces.

Inventory:

Hand Weapons
 a - a +2 dagger
 c - a +0 hand axe
 k - a +0 short sword
 l - a +0 hand axe
 v - a +2 hand axe of electrocution (weapon)
 x - a +0 hand axe
 y - a +0 spear
 B - a +0 flail
 E - a +1 short sword of freezing
Missiles
 b - 4 curare-tipped darts
 h - 6 poisoned darts
 i - 27 stones (quivered)
 m - a throwing net
Armour
 d - a +0 cloak (worn)
 f - a +0 leather armour
 g - a +0 ring mail
 u - a +0 hat (worn)
 w - a +0 scale mail (worn)
Jewellery
 q - a +6 ring of dexterity (left hand)
Wands
 D - a wand of flame (16)
Scrolls
 e - a scroll of teleportation {unknown}
 r - a scroll of noise {unknown}
 s - a scroll of immolation
 t - 4 scrolls of identify {unknown}
 A - 3 scrolls of enchant weapon {unknown}
Potions
 n - 2 potions of enlightenment
 o - 2 potions of magic
 p - a potion of resistance
 z - a potion of might {unknown}
 C - a potion of lignification {unknown}
 F - a potion of attraction {unknown}


   Skills:
 * Level 6.9 Fighting
 - Level 1.0 Axes
 - Level 4.0 Throwing
 - Level 1.0 Armour
 + Level 1.0 Dodging
 - Level 1.0 Stealth
 - Level 4.0 Evocations


You had 6 spell levels left.
You didn't know any spells.
Your spell library contained the following spells:

 Spells                   Type           Power      Damage    Failure   Level
 Call Canine Familiar     Summ           0%         N/A       99%         3
 Portal Projectile        Hex/Tloc       0%         N/A       99%         3
 Leda's Liquefaction      Hex/Erth       0%         N/A       100%        4


Dungeon Overview and Level Annotations

Branches:
Dungeon (5/15)
 Temple: D:4-7

Altars:
Gozag

Shops:
D:4 *

Annotations:
D:5 Ijyb


Innate Abilities, Weirdness & Mutations

You regenerate a little health from kills.
You have a tail ending in a sharp stinger.
Your touch may inflict minor irresistible damage on your foes.


Message History

You closely miss Ijyb.
Ijyb is almost dead.
You barely miss the hound. You hit the orc. The hound barely misses you.
Ijyb hits you but does no damage. The orc hits you but does no damage.
The hound bites you but does no damage.
Unknown command.
You closely miss Ijyb. Your punch misses Ijyb.
Ijyb is almost dead.
You closely miss the hound. You hit the orc. The hound bites you.
The orc hits you with a +0 hand axe. Ijyb hits you with a +2 spectral club.
The hound completely misses you.
Unknown command.
You closely miss Ijyb.
Ijyb is almost dead.
You barely miss the orc wizard. You hit the hound. You hit the orc.
The orc barely misses you. The orc wizard casts a spell at you.
The puff of flame hits you!
* * * LOW HITPOINT WARNING * * *
Ijyb screams, "Get away!"
Ijyb hits you with a +2 spectral club.
* * * LOW HITPOINT WARNING * * *
The hound bites you but does no damage.
It was a potion of enlightenment.
You feel very buoyant.
You fly up into the air.
The hound bites you but does no damage. The orc hits you with a +0 hand axe.
* * * LOW HITPOINT WARNING * * *
The orc wizard barely misses you. Ijyb closely misses you.
The hound barely misses you.
You barely miss Ijyb.
Your tail-slap misses Ijyb.
Ijyb is almost dead.
You hit the orc but do no damage. You closely miss the orc wizard.
You barely miss the hound. The hound barely misses you.
The orc hits you but does no damage.
The orc wizard points at you and mumbles some strange words.
The puff of flame hits you.
* * * LOW HITPOINT WARNING * * *
Ijyb hits you with a +2 spectral club.
You die...

#.# #.# #.#
##.## ...
#.# #
#.####o##.#
#.oog@h<..#
#.####o.#.#
#......
.........
##..#.###.#
#.)#.# #
...... .#.#
##


You could see Ijyb, a hound, 2 orc wizards and 2 orcs.

Vanquished Creatures
  The ghost of bungle the Chopper, a novice DsGl of Trog (D:4)
  An ice beast (D:3)
  2 scorpions (D:4)
  A hound (D:5)
  7 adders
  3 worms
  2 dart slugs
  7 orcs
  8 ball pythons
  5 endoplasms
  A giant cockroach (D:2)
  2 goblins (D:1)
  A hobgoblin (D:2)
  6 jackals
  8 kobolds
  A quokka (D:3)
  7 bats
  6 rats
69 creatures vanquished.

Notes
Turn   | Place    | Note
-------+----------+-------------------------------------------
     0 | D:1      | IdlyInterested the Demonspawn Wanderer began the quest for
                  | the Orb.
     0 | D:1      | IdlyInterested set off with the following items: a +2
                  | dagger, 4 curare-tipped darts, a +0 hand axe, a +0 cloak, a
                  | potion of haste, a +0 leather armour.
     0 | D:1      | Reached XP level 1. HP: 16/16 MP: 1/1
   249 | D:1      | Gained mutation: You regenerate a little health from kills.
                  | [demonic ancestry]
   249 | D:1      | Reached XP level 2. HP: 17/23 MP: 2/2
   949 | D:2      | Reached skill level 1 in Dodging
  1126 | D:2      | Reached skill level 3 in Fighting
  1136 | D:2      | Reached XP level 3. HP: 29/29 MP: 3/3
  1200 | D:2      | Found a faded altar of an unknown god.
  1576 | D:2      | Discovered your monstrous ancestry.
  1576 | D:2      | Gained mutation: You have a small tail. [demonic ancestry]
  1576 | D:2      | Reached XP level 4. HP: 37/37 MP: 4/4
  1906 | D:3      | Reached skill level 4 in Fighting
  2406 | D:3      | Noticed an ice beast
  2417 | D:3      | Killed an ice beast
  2418 | D:3      | Gained mutation: Your touch may inflict minor irresistible
                  | damage on your foes. [demonic ancestry]
  2418 | D:3      | Reached XP level 5. HP: 37/43 MP: 5/5
  2622 | D:3      | Reached skill level 5 in Fighting
  2978 | D:4      | Noticed bungle's ghost (novice DsGl)
  3018 | D:4      | Reached XP level 6. HP: 46/51 MP: 6/6
  3060 | D:4      | Found an opulent altar of Gozag.
  3065 | D:4      | Found Gozag's Platinum Reserve.
  3310 | D:4      | Found a runed translucent door.
  3483 | D:4      | Killed bungle's ghost
  3484 | D:4      | Reached skill level 6 in Fighting
  3484 | D:4      | Gained mutation: You have a tail ending in a sharp stinger.
                  | [demonic ancestry]
  3484 | D:4      | Reached XP level 7. HP: 35/59 MP: 7/7
  3700 | D:5      | Entered Level 5 of the Dungeon
  3765 | D:5      | Noticed Ijyb
  3776 | D:5      | Slain by Ijyb

Illustrated notes

Levels and vault maps discovered:
D:1:      dpeg_arrival_stone_temple_mockup, layout_basic
D:2:      layout_loops_cross, shapermc_ecumenical_altar_starsandcircs
D:3:      layout_loops_corners, minmay_unequal
D:4:      layout_basic, nicolae_gozag_zags_fifth_avenue,
          hellmonk_ghost_happy_afterlife, hangedman_decor_diamond_cutter
D:5:      cheibrodos_barr_body, layout_basic, minmay_manual_mail, uniq_ijyb

Skill      XL: |  1  2  3  4  5  6  7 |
---------------+----------------------+-----
Dodging        | 1 |  1.0
Fighting       | 3 4 5 6 |  6.9
Throwing       | 4 |  4.0
Evocations     | 2 3 4 |  4.0
Axes           | |  1.0
Armour         | |  1.0
Stealth        | |  1.0

Action                     |  1- 3 |  4- 6 |  7- 9 || total
---------------------------+-------+-------+-------++-------
  Melee: Dagger            |   124 |    26 |       ||   150
         Hand axe          |       |    80 |     9 ||    89
         Tailslap          |       |    10 |     1 ||    11
         Touch             |       |     7 |     2 ||     9
  Throw: Stone             |     3 |     7 |       ||    10
    Use: Potion            |     4 |     4 |     1 ||     9
         Scroll            |     1 |     1 |       ||     2
   Stab: Sleeping          |     1 |       |       ||     1
 Armour: Ring mail         |    48 |     9 |       ||    57
         Scale mail        |       |    34 |    10 ||    44
  Dodge: Dodged            |    77 |    47 |    10 ||   134

Table legend: (Time is in decaauts)
 A = Elapsed time spent in this place.
 B = Non-inter-level travel time spent in this place.
 C = Inter-level travel time spent in this place.
 D = Time resting spent in this place.
 E = Time spent auto-exploring this place.
 F = Levels seen in this place.
 G = Mean time per level.
                   A        B        C        D        E       F      G
               +--------+--------+--------+--------+--------+-----+--------+
         Total |   3783 |   3233 |    550 |    321 |   2119 |   5 |  756.6 |
       Dungeon |   3783 |   3233 |    550 |    321 |   2119 |   5 |  756.6 |
               +--------+--------+--------+--------+--------+-----+--------+

Top non-repeatable levels by time:
     D:1: 1055 daAuts
     D:3: 1012 daAuts
     D:2: 900 daAuts
     D:4: 795 daAuts
     D:5: 19 daAuts
